 Dungeon Crawl Stone Soup version 0.29.1-15-g9cfb28693d (webtiles) character file.

Game seed: 12386724314976475672

77 sircluck the Trooper (level 4, 0/41 HPs)
             Began as a Hill Orc Abyssal Knight on Mar 31, 2023.
             Was a Believer of Lugonu.
             Slain by an orc
             ... wielding a +0 dagger
              (4 damage)
             ... on level 3 of the Dungeon.
             The game lasted 00:06:28 (3703 turns).

sircluck the Trooper (Hill Orc Abyssal Knight)      Turns: 3703, Time: 00:06:28

Health: 0/41       AC:  3    Str: 17    XL:     4   Next: 33%
Magic:  5/5        EV: 11    Int: 10    God:    Lugonu [**....]
Gold:   175        SH:  0    Dex: 11    Spells: 3/3 levels left

rFire   . . .      SeeInvis .   a - +1 hand axe
rCold   . . .      Faith    .   (no shield)
rNeg    . . .      Spirit   .   b - +0 leather armour
rPois   .          Reflect  .   (no helmet)
rElec   .          Harm     .   (no cloak)
rCorr   .          Rampage  .   (no gloves)
Will    .....                   (no boots)
Stlth   +.........              (no amulet)
HPRegen 0.13/turn               (no ring)
MPRegen 0.09/turn               (no ring)

@: confused
A: no striking features
a: Renounce Religion, Depart the Abyss, Bend Space


You were on level 3 of the Dungeon.
You worshipped Lugonu.
Lugonu was pleased with you.
You visited 1 branch of the dungeon, and saw 4 of its levels.
You visited the Abyss 1 time.

You collected 175 gold pieces.

Inventory:

Hand Weapons
 a - a +1 hand axe (weapon)
 d - a +0 dagger of venom
Missiles
 e - 17 stones
 l - 2 poisoned darts (quivered)
Armour
 b - a +0 leather armour (worn)
 f - a +0 ring mail
 k - a +0 buckler
Scrolls
 c - 2 scrolls of identify {unknown}
 h - 3 scrolls of blinking {unknown}
 i - a scroll of poison {unknown}
 j - a scroll of summoning {unknown}
 m - a scroll of teleportation {unknown}
 n - 3 scrolls of enchant weapon {unknown}
 o - 2 scrolls of noise {unknown}
Potions
 g - a potion of degeneration {unknown}
 p - a potion of lignification {unknown}


   Skills:
 + Level 4.6 Fighting
 + Level 4.2 Axes
 + Level 0.1 Throwing
 + Level 2.5 Armour
 + Level 1.0 Dodging
 + Level 0.4 Stealth
 + Level 2.6 Invocations


You had 3 spell levels left.
You didn't know any spells.
Your spell library was empty.

Dungeon Overview and Level Annotations

Branches:
Dungeon (4/15)
 Temple: D:4-7

Altars:
Cheibriados
Elyvilon
Hepliaklqana


Message History

Found a stone staircase leading down.
Found 3 gold pieces.
You see here 15 gold pieces.
There is a stone staircase leading down here.
You climb downwards.
Reactivating autopickup.
There is a stone staircase leading up here.
You start resting.
HP restored.
You climb upwards.
The orc hits you with a +0 hand axe.
There is a stone staircase leading down, spattered with blood here.
You hit the orc but do no damage. The orc barely misses you.
The orc wizard points at you and mumbles some strange words.
You are confused.
You hit the orc.
The orc is moderately wounded.
The orc closely misses you.
You hit the orc but do no damage.
The orc is moderately wounded.
The orc wizard points at you and mumbles some strange words.
You are more confused.
The orc hits you with a +0 hand axe. The orc completely misses you.
The orc wizard hits you with a +2 dagger of electrocution.
The orc attacks as you move away! The orc hits you with a +0 hand axe.
The orc hits you but does no damage.
The orc wizard casts a spell.
The orc wizard flickers and vanishes!
Deactivating autopickup; reactivate with Ctrl-A.
You hit the orc but do no damage.
The orc is moderately wounded.
You barely miss the orc. The orc hits you with a +0 dagger.
The orc hits you with a +0 hand axe. Something barely misses you.
The orc attacks as you move away! The orc hits you with a +0 dagger.
You're too confused to move!
The orc hits you but does no damage. Something hits you.
You are electrocuted!
* * * LOW HITPOINT WARNING * * *
The orc hits you with a +0 dagger.
You die...

##### #.# #####....#
..).###.# #.$.#....#
#....##.#######.#.#....####
.......o.........$.>.......
...#.##.#######._...#######
#..#.##.#...# #...#.#
#...........# #o#.#.#
#...........# #.o.#.#
#.........### #.@##.#
#.........# ##.##.#
#.........# #.....
..........# #.....
....####### #.......
#.....# #....... ...##.#
####+### ##....# #.....


You could see 2 orcs.

Vanquished Creatures
  2 adders
  A gnoll (D:1)
  A dart slug (D:1)
  2 orcs (D:3)
  3 ball pythons
  3 bats
  6 endoplasms
  A giant cockroach (D:3)
  4 goblins (D:1)
  5 hobgoblins
  4 kobolds
  3 quokkas
  4 frilled lizards (D:1)
  3 rats (D:2)
42 creatures vanquished.

Vanquished Creatures (others)
  9 fungi (D:2)
  3 toadstools (D:2)
12 creatures vanquished.

Grand Total: 54 creatures vanquished

Notes
Turn   | Place    | Note
-------+----------+-------------------------------------------
     0 | Abyss:1  | sircluck the Hill Orc Abyssal Knight began the quest for
                  | the Orb.
     0 | Abyss:1  | Reached XP level 1. HP: 19/19 MP: 2/2
    23 | Abyss:1  | Found a hazy altar of Hepliaklqana.
    24 | Abyss:1  | Found a hazy altar of Hepliaklqana.
    24 | Abyss:1  | Found a hazy altar of Hepliaklqana.
   145 | Abyss:1  | Noticed a cyan very ugly thing
   146 | D:1      | Escaped the Abyss
   323 | D:1      | Reached ** piety under Lugonu
   556 | D:1      | Reached XP level 2. HP: 14/27 MP: 3/3
  1455 | D:1      | Reached XP level 3. HP: 33/33 MP: 4/4
  2011 | D:2      | Found a snail-covered altar of Cheibriados.
  2680 | D:2      | Reached XP level 4. HP: 41/41 MP: 5/5
  3232 | D:3      | Found a snail-covered altar of Cheibriados.
  3232 | D:3      | Found a white marble altar of Elyvilon.
  3382 | D:3      | Reached skill level 1 in Dodging
  3402 | D:3      | Found a hazy altar of Hepliaklqana.
  3703 | D:3      | Slain by an orc

Illustrated notes

Levels and vault maps discovered:
D:1:      dpeg_arrival_boxes_within_box, layout_basic
D:2:      layout_basic, serial_glass, glass_columns_a, glass_columns_a,
          basic_altar, grunt_decor_mini_mirrors, minmay_gold_behind_fungi
D:3:      layout_basic, mainiacjoe_overflow_tiny_flanked,
          gammafunk_temple_overflow_wave, serial_shops,
          nicolae_shop_window_shopping, shapermc_ecumenical_altar_mp_vishouse,
          uniq_terence
D:4:      layout_loops_ring, mainiacjoe_overflow_surrounded_room,
          minmay_temple_entry_nine_rooms

Skill      XL: |  1  2  3  4 |
---------------+-------------+-----
Fighting       | 4 |  4.6
Axes           | 3 4 |  4.2
Dodging        | 1 |  1.0
Throwing       | |  0.1
Armour         | |  2.5
Stealth        | |  0.4
Invocations    | |  2.6

Action                   |  1- 3 |  4- 6 || total
-------------------------+-------+-------++-------
Melee: Hand axe          |    99 |    39 ||   138
       Punch             |     1 |       ||     1
Throw: Dart              |     5 |     7 ||    12
       Stone             |       |     7 ||     7
Invok: Depart the Abyss  |     1 |       ||     1
       Bend Space        |       |     1 ||     1
Armor: Leather armour    |    24 |     9 ||    33
Dodge: Dodged            |    57 |    27 ||    84
